 Dungeon Crawl Stone Soup version 0.32-a0-571-gec57dfcd37 (webtiles) character file.

Game seed: 12857945476699885045

1261 BeKind the Protected (level 8, -4/67 (71) HPs)
             Began as a Minotaur Berserker on Feb 29, 2024.
             Was a Believer of Trog.
             Slain by a wight
             ... wielding a +0 trident
              (11 damage)
             ... on level 5 of the Dungeon.
             The game lasted 00:06:56 (4767 turns).

BeKind the Protected (Minotaur Berserker)           Turns: 4767, Time: 00:06:57

HP:   -4/67 (71)    AC:  9    Str: 25    XL:     8   Next: 27%
MP:   7/7           EV: 12    Int:  4    God:    Trog [**....]
Gold: 308           SH:  0    Dex: 15    Spells: 7/7 levels left

rFire   . . .        a - +1 falchion
rCold   . . .        (no shield)
rNeg    . . .        k - +0 scale mail
rPois   .            (helmet restricted)
rElec   .            o - +0 cloak
rCorr   .            (no gloves)
SInv    .            (no boots)
Will    .....        (no amulet) Stlth
                     d - +6 ring of dexterity
HPRegen 0.31/turn    (no ring)
MPRegen 0.10/turn

%: no passive effects
@: on berserk cooldown, slowed, drained, very slow
A: horns 2, retaliatory headbutt
a: Renounce Religion, Berserk, Trog's Hand


You were on level 5 of the Dungeon.
You worshipped Trog.
Trog was pleased with you.
You visited 1 branch of the dungeon, and saw 5 of its levels.
You also visited: Sewer.

You collected 308 gold pieces.

Inventory:

Hand Weapons
 a - a +1 falchion (weapon)
Missiles
 y - a throwing net (quivered)
Armour
 b - a +0 animal skin
 k - a +0 scale mail (worn)
 o - a +0 cloak (worn)
Jewellery
 d - a +6 ring of dexterity (left hand)
 q - a ring of magical power
Wands
 A - a wand of warping (8)
Scrolls
 c - a scroll of immolation
 e - a scroll of enchant armour {unknown}
 f - a scroll of blinking
 h - a scroll of enchant weapon
 j - a scroll of noise {unknown}
 l - a scroll of brand weapon {unknown}
 m - a scroll of acquirement {unknown}
 n - a scroll of vulnerability {unknown}
 p - a scroll of amnesia {unknown}
 u - a scroll of fear {unknown}
 w - a scroll of revelation {unknown}
 z - a scroll of identify {unknown}
Potions
 g - a potion of resistance {unknown}
 i - 3 potions of attraction
 r - a potion of mutation {unknown}
 s - a potion of haste {unknown}
 t - a potion of magic {unknown}
 v - 2 potions of cancellation {unknown}
 x - a potion of might {unknown}
 B - 2 potions of invisibility {unknown}


   Skills:
 + Level 6.4 Fighting
 + Level 6.4 Long Blades
 * Level 8.0 Armour
 + Level 5.2 Dodging


You had 7 spell levels left.
You didn't know any spells.
Your spell library was empty.

Dungeon Overview and Level Annotations

Branches:
Dungeon (5/15)              Sewer (visited)
 Temple: D:4-7

Altars:

Shops:
D:4 [


Innate Abilities, Weirdness & Mutations

You have a pair of horns on your head.
You reflexively headbutt those who attack you in melee.


Message History

The jackal pauses to sniff the ground.
A jackal comes into view.
The jackal barely misses you. You furiously retaliate!
You headbutt the jackal. The jackal attacks as it pursues you!
The jackal bites you.
* * * LOW HITPOINT WARNING * * *
The jackal closely misses you. The jackal barely misses you. x2
The jackal attacks as it pursues you!
The jackal bites you but does no damage.
The jackal attacks as it pursues you! The jackal barely misses you.
The jackal closely misses you. x2; You furiously retaliate!
You headbutt the jackal.
You kill the jackal!
Trog accepts your kill. The jackal attacks as it pursues you!
The jackal misses you. The jackal barely misses you.
The wight hits you from afar with a +0 trident.
* * * LOW HITPOINT WARNING * * *
You feel drained.
* * * LOW HITPOINT WARNING * * *
The jackal closely misses you. The jackal attacks as it pursues you!
The jackal barely misses you. The jackal closely misses you.
The jackal bites you but does no damage.
The wight hits you from afar with a +0 trident.
* * * LOW HITPOINT WARNING * * *
There is an open door here.
The jackal bites you but does no damage.
The jackal barely misses you. You furiously retaliate!
You headbutt the jackal!
You kill the jackal!
Trog accepts your kill. The wight attacks as it pursues you!
The wight closely misses you.
The wight hits you from afar with a +0 trident!
* * * LOW HITPOINT WARNING * * *
You feel drained.
* * * LOW HITPOINT WARNING * * *
The wight attacks as it pursues you! The wight closely misses you.
There is a stone staircase leading up here.
The wight hits you from afar with a +0 trident!
You die...

###############....#........
.......<.....#......
############..........#.
#..........#....###...#
#.#...####.#....z.....#
#.#...# #.#...†###h..#
###.#...# #.#.zzh###.#.###
........# #......#..z..#..
......### ####.@.#z.h..#.# #
......# #####.....#.# .#
......# ########h....#.###.#
.##+### ........##+#.#.#...
.+ .............#.#.#.### .#
........##.#..§....... .#
.............#.#.#.### .#
.........#...#.#z# .#
.........#...#.#..


You could see 3 wights and a jackal.

Vanquished Creatures
  Eustachio (D:5)
  A black bear (D:4)
  An ogre (D:5)
  A centaur (D:5)
  2 brain worms (Sewer)
  A wight (D:5)
  3 bombardier beetles
  A hound (D:5)
  An orc priest (D:5)
  Crazy Yiuf (D:3)
  A sleepcap (D:4)
  Natasha (twice) (D:2)
  Terence (D:2)
  An iguana (D:4)
  16 adders
  8 gnolls
  5 river rats
  A shadow imp (D:3)
  A dart slug (D:1)
  2 ribbon worms (D:2)
  11 orcs
  4 endoplasms
  8 giant cockroaches
  5 goblins
  4 hobgoblins
  4 jackals
  8 quokkas
  5 ball pythons
  2 bats (D:1)
  6 frilled lizards
  5 kobolds
  14 rats
127 creatures vanquished.

Notes
Turn   | Place    | Note
-------+----------+-------------------------------------------
     0 | D:1      | BeKind the Minotaur Berserker began the quest for the Orb.
     0 | D:1      | Reached XP level 1. HP: 19/19 MP: 0/0
   266 | D:1      | Reached XP level 2. HP: 21/27 MP: 1/1
   376 | D:1      | Found a faded altar of an unknown god.
   430 | D:1      | Reached skill level 3 in Armour
   989 | D:2      | Reached XP level 3. HP: 33/33 MP: 2/2
  1021 | D:2      | Noticed Natasha
  1027 | D:2      | Killed Natasha
  1215 | D:2      | Identified the +0 sling "Tuwk" {flame, rN++ rCorr Stlth+}
  1215 | D:2      | Noticed Terence
  1220 | D:2      | Killed Terence
  1221 | D:2      | Reached XP level 4. HP: 40/40 MP: 3/3
  1533 | D:2      | Reached skill level 4 in Armour
  1901 | D:2      | Noticed Natasha
  1905 | D:2      | Killed Natasha
  1962 | D:2      | Reached XP level 5. HP: 47/47 MP: 4/4
  1980 | D:3      | Reached ** piety under Trog
  2218 | D:3      | Found a glowing drain.
  2246 | Sewer    | Entered a sewer
  2361 | Sewer    | Reached skill level 5 in Armour
  2371 | Sewer    | Reached XP level 6. HP: 50/55 MP: 3/5
  2420 | Sewer    | Reached skill level 5 in Long Blades
  2510 | Sewer    | Reached skill level 5 in Fighting
  2990 | D:3      | Reached skill level 6 in Armour
  3083 | D:3      | Found a runed translucent door.
  3084 | D:3      | Noticed Crazy Yiuf
  3114 | D:3      | Reached XP level 7. HP: 48/61 MP: 6/6
  3121 | D:3      | HP: 1/61 [burnt (8)]
  3552 | D:3      | Killed Crazy Yiuf
  3759 | D:4      | Found Ypny's Antique Armour Shoppe.
  4452 | D:5      | Entered Level 5 of the Dungeon
  4465 | D:5      | Reached skill level 7 in Armour
  4533 | D:5      | Noticed Eustachio
  4569 | D:5      | Killed Eustachio
  4570 | D:5      | Reached skill level 5 in Dodging
  4570 | D:5      | Reached XP level 8. HP: 68/70 MP: 7/7
  4747 | D:5      | Reached skill level 8 in Armour
  4767 | D:5      | Slain by a wight

Illustrated notes

Levels and vault maps discovered:
D:1:      lemuel_arrival_cross, layout_loops_ring,
          shapermc_ecumenical_altar_mp_urbaneastern
D:2:      layout_basic, uniq_natasha, uniq_terence
D:3:      layout_basic, gup_sewer_entry_bubbles, minmay_misc_feat_four_crosses,
          uniq_crazy_yiuf_cottage
D:4:      layout_gridville, serial_shops, kennysheep_mini_moat
D:5:      layout_basic, uniq_eustachio

Skill      XL: |  1  2  3  4  5  6  7  8 |
---------------+-------------------------+-----
Armour         | 3 4 5 6 7 8 |  8.0
Long Blades    | 4 5 6 |  6.4
Fighting       | 4 5 6 |  6.4
Dodging        | 3 4 5 |  5.2

Action                     |  1- 3 |  4- 6 |  7- 9 || total
---------------------------+-------+-------+-------++-------
  Melee: Falchion          |    67 |   166 |   112 ||   345
         Headbutt          |     9 |    23 |    20 ||    52
 Invoke: Berserk           |     3 |     7 |     6 ||    16
    Use: Scroll            |       |       |     4 ||     4
         Potion            |       |       |     3 ||     3
   Stab: Sleeping          |     1 |       |       ||     1
 Armour: Animal skin       |    30 |       |       ||    30
         Scale mail        |     9 |    98 |    77 ||   184
  Dodge: Dodged            |    50 |    78 |   104 ||   232

Table legend: (Time is in decaauts)
 A = Elapsed time spent in this place.
 B = Non-inter-level travel time spent in this place.
 C = Inter-level travel time spent in this place.
 D = Time resting spent in this place.
 E = Time spent auto-exploring this place.
 F = Levels seen in this place.
 G = Mean time per level.
                   A        B        C        D        E       F      G
               +--------+--------+--------+--------+--------+-----+--------+
         Total |   5004 |   4696 |    308 |    679 |   3148 |   6 |  834.0 |
       Dungeon |   4394 |   4086 |    308 |    621 |   2796 |   5 |  878.8 |
         Sewer |    610 |    610 |      0 |     58 |    352 |   1 |  610.0 |
               +--------+--------+--------+--------+--------+-----+--------+

Top non-repeatable levels by time:
     D:3: 1185 daAuts
     D:2: 1118 daAuts
     D:1: 923 daAuts
     D:4: 819 daAuts
   Sewer: 610 daAuts
     D:5: 347 daAuts
